 Dungeon Crawl Stone Soup version 0.31-a0-640-g39d97e502b (webtiles) character file.

Game seed: 16034504844144988990

291 qw the Shooter (level 6, -3/38 HPs)
             Began as a Gargoyle Hunter on Aug 27, 2023.
             Slain by Pikel
             ... wielding a +2 whip of flaming
              (5 damage)
             ... on level 4 of the Dungeon.
             The game lasted 00:01:21 (2695 turns).

qw the Shooter (Gargoyle Hunter)                    Turns: 2695, Time: 00:01:22

Health: -3/38      AC: 13    Str: 20    XL:     6   Next: 32%
Magic:  6/6        EV: 11    Int: 10    God:
Gold:   122        SH:  0    Dex: 15    Spells: 5/5 levels left

rFire   + . .        Y - +0 shortbow
rCold   . . .        (shield currently unavailable)
rNeg    + . .        g - +0 ring mail {rF+}
rPois   inf          (no helmet)
rElec   +            (no cloak)
rCorr   .            h - +0 pair of gloves
SInv    .            d - +2 pair of boots
Will    +....        (no amulet)
Stlth   +            c - ring of willpower
HPRegen 0.26/turn    e - +6 ring of strength
MPRegen 0.10/turn

%: no passive effects
@: no status effects
A: sickness immunity, AC +4, negative energy resistance 1, electricity
resistance, torment resistance 1, petrification resistance
a: no special abilities


You were on level 4 of the Dungeon.
You visited 1 branch of the dungeon, and saw 4 of its levels.

You collected 122 gold pieces.


Innate Abilities, Weirdness & Mutations

You are immune to sickness and miasma.
Your stone body is resilient. (AC +4)
You are immune to poison.
You resist negative energy. (rN+)
You are resistant to electric shocks. (rElec)
You are resistant to unholy torment.
You are immune to petrification.


   Skills:
 - Level 4.1 Fighting
 + Level 6.5 Ranged Weapons
 - Level 1.0 Armour
 - Level 1.5 Dodging
 - Level 1.1 Stealth


You had 5 spell levels left.
You didn't know any spells.
Your spell library was empty.

Inventory:

Hand Weapons
 Y - a +0 shortbow (weapon)
Armour
 d - a +2 pair of boots (worn)
 g - a +0 ring mail of fire resistance (worn)
 h - a +0 pair of gloves (worn)
Jewellery
 c - a ring of willpower (left hand)
 e - a +6 ring of strength (right hand)
Potions
 b - a potion of berserk rage {unknown}
 f - a potion of brilliance {unknown}
 i - 3 potions of curing

Dungeon Overview and Level Annotations

Branches:
Dungeon (4/15)
 Temple: D:4-7

Altars:
Makhleb
Trog

Shops:
D:1 (

Annotations:
D:3 1 runed translucent door, qw's ghost, amateur MiHs
D:4 Pikel


Message History

You shoot an arrow. The arrow misses the goblin.
You start resting.
There are monsters nearby!
You shoot an arrow. The arrow hits the goblin.
You kill the goblin!
You shoot an arrow.
The arrow hits Pikel but does no damage.
You shoot an arrow.
The arrow hits Pikel but does no damage.
You shoot an arrow. The arrow hits Pikel.
Pikel is lightly wounded.
You shoot an arrow. The arrow hits Pikel.
Pikel is moderately wounded.
Pikel hits you but does no damage.
A lemure comes into view.
Pikel hits you but does no damage.
Enter note: You shoot an arrow.
The arrow barely misses Pikel.
The arrow barely misses the lemure.
The lemure shouts!
You hear a shout!
Pikel hits you with a +2 whip of flaming.
A lemure comes into view.
You shoot an arrow. The arrow misses Pikel.
The arrow closely misses the lemure.
Pikel hits you with a +2 whip of flaming!
Pikel burns you.
Enter note:
2693 ||| Stepping ~*~*~tactically~*~*~ (retreating).
Pikel hits you with a +2 whip of flaming.
Pikel burns you.
Enter note: You shoot an arrow.
The arrow hits Pikel but does no damage.
Pikel is moderately wounded.
Pikel hits you with a +2 whip of flaming!
Pikel burns you. The lemure hits you but does no damage.
You shoot an arrow. The arrow closely misses Pikel.
Pikel hits you with a +2 whip of flaming.
You die...
Pikel says, "Another soul for the market."

##........# #.#..
.#.##.##..# #.#.# #
.#.##.#<#.###.#.# ..
.#.##...#..##.#.###..#
.#.###[.#.....#......#
.#.# #.....<..........
##.# ##.#.#.#.5.###..
#.# #.#.#.#.#5K## #.#
#.#.#.#.##@.#
#.#.#.#.###...)....
#.#.#.#.# ##.......
#.#.#.#.# .......
#.#(#.#.# ....... #.#
#.# ...#### #.# #.#
#.## #.# #.# ..
######.# #.#


You could see Pikel and 2 lemures.

Vanquished Creatures
  A lemure (D:3)
  A scorpion (D:4)
  An orc priest (D:4)
  2 orc wizards
  6 adders
  A worm (D:3)
  3 dart slugs
  6 orcs
  10 endoplasms
  2 giant cockroaches
  5 goblins
  5 hobgoblins
  4 jackals (D:1)
  5 quokkas
  8 ball pythons
  12 bats
  4 frilled lizards
  A kobold (D:1)
  7 rats
84 creatures vanquished.

Notes
Turn   | Place    | Note
-------+----------+-------------------------------------------
     0 | D:1      | qw the Gargoyle Hunter began the quest for the Orb.
     0 | D:1      | Reached XP level 1. HP: 12/12 MP: 1/1
     0 | D:1      | 0 ||| qw: Version: 0.3-a-74-g0d5e918
     0 | D:1      | 0 ||| qw: Game counter: 92
     0 | D:1      | 0 ||| qw: Melee chars always use a shield: true
     0 | D:1      | 0 ||| qw: God list: Okawaru
     0 | D:1      | 0 ||| qw: Allow faded altars: false
     0 | D:1      | 0 ||| qw: Do Orc after clearing Dungeon:15 true
     0 | D:1      | 0 ||| qw: Do second Lair branch before Depths: true
     0 | D:1      | 0 ||| qw: Lair rune preference: random
     0 | D:1      | 0 ||| qw: Goals: Normal
     0 | D:1      | 0 ||| PLANNING D:1-11
    86 | D:1      | Reached XP level 2. HP: 17/17 MP: 2/2
   332 | D:1      | Reached XP level 3. HP: 21/21 MP: 3/3
   376 | D:1      | Reached skill level 5 in Ranged Weapons
   486 | D:1      | Found Aruisure's Antique Weapon Emporium.
   489 | D:1      | 489 ||| SHOPLISTING runed orcbow (130 gold, have 24).
   489 | D:1      | 489 ||| SHOPLISTING runed sling (90 gold, have 24).
   595 | D:1      | 595 ||| UPGRADING to +0 pair of gloves.
   600 | D:1      | 600 ||| UPGRADING to +0 ring mail.
   610 | D:1      | 610 ||| DROPPING +0 leather armour.
   611 | D:1      | 611 ||| READING scroll labelled YSAGGA UFAEG.
   712 | D:1      | 712 ||| READING scroll labelled ARRIMOP PUESEO.
   713 | D:1      | 713 ||| READING scroll labelled JYX RI HOWEPIT.
   714 | D:1      | 714 ||| READING scroll labelled REPSYTATUD.
   715 | D:1      | 715 ||| READING scroll labelled UQEHAD VOIW.
   720 | D:1      | 720 ||| DROPPING scroll of butterflies.
   770 | D:2      | Reached skill level 1 in Armour
   986 | D:2      | Reached skill level 3 in Fighting
   986 | D:2      | Reached XP level 4. HP: 28/28 MP: 4/4
  1195 | D:2      | Found a burning altar of Makhleb.
  1434 | D:2      | 1434 ||| UPGRADING to +2 pair of boots.
  1439 | D:2      | 1439 ||| UPGRADING to +0 ring mail of fire resistance.
  1449 | D:2      | 1449 ||| DROPPING +0 ring mail.
  1450 | D:2      | 1450 ||| UPGRADING to ring of willpower.
  1451 | D:2      | 1451 ||| UPGRADING to +6 ring of strength.
  1452 | D:2      | 1452 ||| READING scroll labelled NUITWO DESO.
  1453 | D:2      | 1453 ||| DRINKING 2 cyan potions.
  1470 | D:3      | 1470 ||| STAIRDANCE
  1484 | D:3      | 1484 ||| STAIRDANCE
  1503 | D:2      | Reached XP level 5. HP: 23/32 MP: 5/5
  1551 | D:3      | Reached skill level 6 in Ranged Weapons
  1551 | D:3      | 1551 ||| STAIRDANCE
  1584 | D:3      | Found a runed translucent door.
  1585 | D:3      | Noticed qw's ghost (amateur MiHs)
  1727 | D:3      | Found a bloodstained altar of Trog.
  1836 | D:3      | 1836 ||| DROPPING +3 sling.
  2297 | D:3      | 2297 ||| READING scroll labelled APPEMAHERU.
  2298 | D:3      | 2298 ||| READING scroll labelled OSIZEA FESAADD.
  2299 | D:3      | 2299 ||| READING scroll labelled FOSHRE EFOISH.
  2372 | D:4      | Reached XP level 6. HP: 38/38 MP: 6/6
  2479 | D:4      | Noticed Pikel
  2480 | D:4      | 2480 ||| RETREATING.
  2485 | D:4      | 2485 ||| STAIRDANCE
  2693 | D:4      | 2693 ||| Stepping ~*~*~tactically~*~*~ (retreating).
  2693 | D:4      | HP: 9/38 [Pikel/+2 whip of flaming (1)]
  2694 | D:4      | HP: 2/38 [Pikel/+2 whip of flaming (7)]
  2695 | D:4      | Slain by Pikel

Levels and vault maps discovered:
D:1:      minmay_arrival_arboretum_small, layout_basic, serial_shops,
          nicolae_shop_behind_doors, nicolae_figureground_pulse
D:2:      minmay_evil_eye, layout_basic, basic_altar, minmay_heptomino_l4
D:3:      layout_basic, bloody_trog, gammafunk_ghost_grave
D:4:      layout_basic, uniq_pikel, uniq_grinder

Skill      XL: |  1  2  3  4  5 |
---------------+----------------+-----
Ranged Weapons | 5 6 |  6.5
Armour         | 1 |  1.0
Fighting       | 3 4 |  4.1
Dodging        | |  1.5
Stealth        | |  1.1

Action                     |  1- 3 |  4- 6 || total
---------------------------+-------+-------++-------
   Fire: Shortbow          |   116 |   226 ||   342
    Use: Scroll            |     5 |     4 ||     9
         Potion            |       |     1 ||     1
 Armour: Leather armour    |    17 |       ||    17
         Ring mail         |     3 |    97 ||   100
  Dodge: Dodged            |    38 |    74 ||   112

Table legend:
 A = Non-vault XP
 B = Vault XP
 C = Vault XP percentage of total XP
 D = Non-vault monster count
 E = Vault monster count
 F = Vault count percentage of total count
                 A         B        C        D         E       F
            +---------+---------+-------+---------+---------+-------
      Total |     408 |       9 |   2.2 |      79 |       4 |   4.8
            +---------+---------+-------+---------+---------+-------
        D:1 |      42 |       0 |   0.0 |      26 |       0 |   0.0
        D:2 |     132 |       9 |   6.4 |      23 |       4 |  14.8
        D:3 |      93 |       0 |   0.0 |      23 |       0 |   0.0
        D:4 |     141 |       0 |   0.0 |       7 |       0 |   0.0
            +---------+---------+-------+---------+---------+-------
